 Dungeon Crawl Stone Soup version 0.30-a0-946-gec5dcfc036 (webtiles) character file.

Game seed: 5326629743293805263

403673 gohu the Conqueror (level 23, -1/240 HPs)
             Began as a Hill Orc Fighter on Mar 26, 2023.
             Was the Champion of Makhleb.
             Killed from afar by a frost giant (27 damage)
             ... with a bolt of cold
             ... on level 5 of the Vaults.
             The game lasted 02:23:17 (41092 turns).

gohu the Conqueror (Hill Orc Fighter)              Turns: 41092, Time: 02:23:18

Health: -1/240     AC: 27    Str: 38    XL:     23   Next: 35%
Magic:  33/33      EV: 15    Int: 11    God:    Makhleb [******]
Gold:   1756       SH: 14    Dex: 10    Spells: 22/22 levels left

rFire   . . .      SeeInvis .    b - +8 broad axe (vamp)
rCold   . . .      Faith    .    z - +0 kite shield {reflect}
rNeg    . . .      Spirit   .    A - +1 chain mail "Toyhoj" {Regen+ rCorr Str+2}
rPois   +          Reflect  +    g - +0 helmet {Int+3}
rElec   .          Rampage  .    E - +2 cloak {Will+}
rCorr   +                        q - +0 pair of gloves
Will    +++++                    N - +0 pair of boots "Vial" {rPois Will+}
Stlth   x                          - amulet of regeneration
HPRegen 2.20/turn                T - ring of Moodiness {rPois Will++ EV+5}
MPRegen 0.23/turn                e - +6 ring of strength

@: no status effects
A: no striking features
}: 2/15 runes: serpentine, barnacled
a: Renounce Religion, Minor Destruction, Lesser Servant of Makhleb, Major
Destruction, Greater Servant of Makhleb


You were on level 5 of the Vaults.
You worshipped Makhleb.
Makhleb was exalted by your worship.
You visited 9 branches of the dungeon, and saw 40 of its levels.
You visited 1 bazaar.
You also visited: Bailey, Gauntlet, Ice Cave and Volcano.

You collected 5643 gold pieces.
You spent 3887 gold pieces at shops.

Inventory:

Hand Weapons
 a - a +0 broad axe of flaming
 b - a +8 vampiric broad axe (weapon)
 j - a +6 executioner's axe of draining
Missiles
 c - 4 silver javelins
 k - 14 throwing nets
 o - 26 javelins (quivered)
Armour
 f - a +1 hat
 g - a +0 helmet of intelligence (worn)
 q - a +0 pair of gloves (worn)
 z - a +0 kite shield of reflection (worn)
 A - the +1 chain mail "Toyhoj" (worn) {Regen+ rCorr Str+2}
   (You bought it in a shop on level 6 of the Dungeon)

   Str:       It affects your strength (+2).
   Regen:     It increases your rate of health regeneration.
   rCorr:     It protects you from acid and corrosion.
 E - a +2 cloak of willpower (worn)
 L - a +0 tower shield
 N - the +0 pair of boots "Vial" (worn) {rPois Will+}
   (You found it in a Gauntlet)

   rPois:     It protects you from poison.
   Will:      It increases your willpower.
 Z - the scarf of Darkness {harm, Fly rF+}
   (You found it on level 1 of the Depths)

   rF:        It protects you from fire.
   Fly:       It grants you flight.
Jewellery
 e - a +6 ring of strength (right hand)
 m - a ring of resist corrosion
 s - a +4 ring of slaying
 v - a ring of protection from fire
 w - a +6 ring of strength
 x - an amulet of regeneration (around neck)
 y - a ring of protection from cold
 H - a ring of see invisible
 J - the ring of the Jackalope {Int+6 Slay+3}
   (You found it on level 3 of the Elven Halls)

   [ring of intelligence]

   Int:       It affects your intelligence (+6).
   Slay:      It affects your accuracy & damage with ranged weapons and melee
   (+3).
 O - a ring of protection from fire
 P - a +4 ring of protection
 Q - the ring "Elewyiff" {rN+ EV+5}
   (You took it off a naga on level 2 of the Snake Pit)

   [ring of evasion]

   EV:        It affects your evasion (+5).
   rN:        It protects you from negative energy.
 S - a +6 ring of dexterity
 T - the ring of Moodiness (left hand) {rPois Will++ EV+5}
   (You bought it in a shop in a bazaar)

   [ring of evasion]

   EV:        It affects your evasion (+5).
   rPois:     It protects you from poison.
   Will:      It greatly increases your willpower.
Wands
 u - a wand of quicksilver (38)
 F - a wand of polymorph (38)
 G - a wand of digging (4)
 R - a wand of roots (18)
 U - a wand of mindburst (7)
Scrolls
 d - 5 scrolls of fear
 h - 20 scrolls of teleportation
 r - a scroll of brand weapon
 t - 6 scrolls of blinking
 B - 8 scrolls of fog
 D - 4 scrolls of magic mapping
 I - a scroll of butterflies
 W - 10 scrolls of enchant armour
 X - 5 scrolls of poison
Potions
 i - 13 potions of haste
 l - 5 potions of might
 n - 21 potions of curing
 p - 8 potions of mutation
 C - a potion of resistance
 K - a potion of invisibility
 M - 2 potions of brilliance
 V - 4 potions of heal wounds
 Y - 5 potions of flight


   Skills:
 O Level 27 Fighting
 O Level 27 Axes
 + Level 22.7 Armour
 - Level 3.9 Dodging
 - Level 18.6 Shields
 + Level 14.4 Invocations


You had 22 spell levels left.
You didn't know any spells.
Your spell library contained the following spells:

 Spells                   Type           Power      Damage    Failure   Level
 Apportation              Tloc           0%         N/A       71%         1
 Freeze                   Ice            0%         1d3       71%         1
 Magic Dart               Conj           0%         1d3       71%         1
 Necrotise                Necr           0%         1d4       71%         1
 Summon Small Mammal      Summ           0%         N/A       71%         1
 Blink                    Tloc           0%         N/A       85%         2
 Call Imp                 Summ           0%         N/A       85%         2
 Cigotuvi's Dreadful Rot  Necr/Pois/Air  0%         N/A       85%         2
 Ensorcelled Hibernation  Hex/Ice        0%         N/A       85%         2
 Momentum Strike          Conj/Tloc      0%         3d8       85%         2
 Passwall                 Tmut/Erth      0%         N/A       85%         2
 Searing Ray              Conj           0%         2d4       85%         2
 Static Discharge         Conj/Air       0%         2-2/arc   85%         2
 Sublimation of Blood     Necr           0%         N/A       85%         2
 Dazzling Flash           Conj/Hex       0%         N/A       97%         3
 Frozen Ramparts          Ice            0%         1d1       97%         3
 Gell's Gravitas          Tloc           0%         N/A       97%         3
 Hailstorm                Conj/Ice       0%         3d3       97%         3
 Inner Flame              Hex/Fire       0%         N/A       97%         3
 Mephitic Cloud           Conj/Pois/Air  0%         N/A       97%         3
 Ozocubu's Armour         Ice            0%         N/A       97%         3
 Spider Form              Tmut/Pois      0%         N/A       97%         3
 Teleport Other           Tloc           0%         N/A       97%         3
 Tukima's Dance           Hex            0%         N/A       97%         3
 Vampiric Draining        Necr           0%         2d6       97%         3
 Anguish                  Hex/Necr       0%         N/A       100%        4
 Animate Armour           Summ/Erth      0%         N/A       100%        4
 Animate Dead             Necr           0%         N/A       100%        4
 Cause Fear               Hex            0%         N/A       100%        4
 Dispel Undead            Necr           0%         3d6       100%        4
 Fulminant Prism          Conj/Hex       0%         3d5       100%        4
 Manifold Assault         Tloc           0%         N/A       100%        4
 Passage of Golubria      Tloc           0%         N/A       100%        4
 Petrify                  Tmut/Erth      0%         N/A       100%        4
 Sticky Flame             Conj/Fire      0%         2d3       100%        4
 Agony                    Necr           0%         N/A       100%        5
 Blade Hands              Tmut           0%         N/A       100%        5
 Borgnjor's Vile Clutch   Necr/Erth      0%         N/A       100%        5
 Irradiate                Conj/Tmut      0%         3d11      100%        5
 Iskenderun's Battlesphe  Conj           0%         2d6       100%        5
 Lee's Rapid Deconstruct  Erth           0%         3d4*      100%        5
 Metabolic Englaciation   Hex/Ice        0%         N/A       100%        5
 Silence                  Hex/Air        0%         N/A       100%        5
 Yara's Violent Unravell  Hex/Tmut       0%         3d3       100%        5
 Death Channel            Necr           0%         N/A       100%        6
 Dispersal                Tloc           0%         N/A       100%        6
 Iron Shot                Conj/Erth      0%         9d1       100%        6
 Statue Form              Tmut/Erth      0%         N/A       100%        6
 Dragon Form              Tmut           0%         N/A       100%        7
 Malign Gateway           Summ/Tloc      0%         N/A       100%        7
 Ozocubu's Refrigeration  Ice            0%         4d7       100%        7
 Spellforged Servitor     Conj/Summ      0%         N/A       100%        7
 Storm Form               Tmut/Air       0%         N/A       100%        7
 Discord                  Hex            0%         N/A       100%        8
 Disjunction              Tloc           0%         N/A       100%        8
 Summon Horrible Things   Summ           0%         N/A       100%        8
 Chain Lightning          Conj/Air       0%         N/A       100%        9
 Dragon's Call            Summ           0%         N/A       100%        9
 Fire Storm               Conj/Fire      0%         5d1       100%        9
 Shatter                  Erth           0%         3d5*      100%        9


Dungeon Overview and Level Annotations

Branches:
Dungeon (15/15)            Temple (1/1) D:6            Lair (5/5) D:11
 Shoals (4/4) Lair:3        Snake (4/4) Lair:2        Slime (0/5) Lair:4
    Orc (2/2) D:10            Elf (3/3) Orc:2        Vaults (5/5) D:14
  Crypt (0/3) Vaults:2     Depths (1/4) D:15         Bailey (visited)
  IceCv (visited)         Volcano (visited)         Gauntlet (visited)

Altars:
Ashenzari
Cheibriados
Dithmenos
Elyvilon
Fedhas
Gozag
Hepliaklqana
Kikubaaqudgha
Makhleb
Nemelex Xobeh
Okawaru
Qazlal
Ru
Sif Muna
Trog
Uskayaw
Vehumet
Wu Jian
Xom
Yredelemnul
Zin
The Shining One

Shops:
D:6 [   D:10 *   D:11 :   D:14 **?(   Orc:2 ((*(   Elf:3 *   Shoals:2 =
Shoals:4 *   Snake:1 ?*(!*   Vaults:1 (   Vaults:2 *   Vaults:4 *
Depths:1 :=?*

Portals:
Hell: Depths:1
Abyss: Depths:1

Annotations:
D:3 1 runed translucent door, Crazy Yiuf, Grinder
Vaults:4 exclusion: orange crystal statue
Depths:1 1 runed translucent door, exclusion: orange crystal statue


Message History

The bolt of cold hits you!!!
* * * LOW HITPOINT WARNING * * *
The titan gestures wildly while chanting.
The titan is healed somewhat.
You open the titan like a pillowcase!!!
You feel better.
You kill the titan!
Makhleb accepts your kill.
You feel better.
The stone giant throws a large rock.
The large rock barely misses you.
Things that are here:
a +2 battleaxe of freezing; a +0 falchion; a +0 ring mail You slice the frost giant!!
You feel better.
The frost giant is moderately wounded.
The frost giant hits you with a +1 battleaxe of freezing!!
* * * LOW HITPOINT WARNING * * *
The frost giant freezes you.
* * * LOW HITPOINT WARNING * * *
The stone giant throws a large rock.
You reflect the large rock off your +0 kite shield of reflection!
The large rock hits the stone giant!!
Things that are here:
a +3 halberd; a +0 plate armour; a human corpse
Aiming: Major Destruction (0% risk of failure)
Press: ? - help, Shift-Dir - straight line, f - frost giant
Aim: a frost giant, wielding a +1 battleaxe of freezing (lightly wounded)
The bolt of lightning hits the frost giant but does no damage.
The frost giant is lightly wounded.
The bolt of lightning hits the stone giant!!
The stone giant is heavily wounded.
A stone giant comes into view.
The frost giant casts a spell at you. The bolt of cold misses you.
The frost giant attacks as you move away!
The frost giant hits you with a +1 battleaxe of freezing!!
* * * LOW HITPOINT WARNING * * *
The frost giant freezes you.
* * * LOW HITPOINT WARNING * * *
The frost giant casts a spell at you. The bolt of cold hits you!!
You die...

#####....#
.......)..#
######.#C.#
#.#.C# #.#..#
#p#))# #.#C)#
#.#..# #@.# #..#
#..# #..#
#############..#
#.........+.#..#
#..}.....)#.#..#
#?........#.#..#
#.........#.#..#


You could see a frost giant and 2 stone giants.

Vanquished Creatures
  Saint Roka (Vaults:1)
  3 deep elf blademasters
  Asterion (Vaults:2)
  2 titans (Vaults:5)
  2 krakens (Shoals:2)
  4 deep elf master archers (Elf:3)
  Polyphemus (Shoals:2)
  A shadow dragon (Vaults:5)
  3 sphinxes
  Agnes (Vaults:2)
  2 nagarajas (Snake:4)
  Donald (Shoals:2)
  2 draconian knights (Vaults:2)
  3 frost giants
  A fire giant (Vaults:4)
  4 deep elf sorcerers (Elf:3)
  An iron dragon (Vaults:5)
  17 vault wardens
  A caustic shrike zombie (D:15)
  7 deep elf elementalists (Elf:3)
  2 orc warlords
  20 ironbound preservers
  3 stone giants (Depths:1)
  A war gargoyle (Vaults:2)
  A spriggan defender (Vaults:2)
  A deep elf demonologist (Elf:3)
  7 ironbound thunderhulks
  15 very ugly things
  A vampire knight (Depths:1)
  9 deep elf annihilators
  A minotaur (Gauntlet)
  10 dire elephants (Vaults:2)
  3 ettins
  2 crystal guardians
  A deep elf death mage (Vaults:5)
  4 merfolk javelineers
  7 merfolk impalers
  4 fire dragons
  5 yaktaur captains
  4 deep elf high priests (Elf:3)
  2 entropy weavers
  Fannar (D:11)
  A salamander tyrant (Snake:4)
  Harold (D:11)
  5 great orbs of eyes
  3 merfolk avatars
  6 vault guards
  7 ironbound frosthearts
  A hydra (Lair:4)
  4 ice dragons (Depths:1)
  2 peacekeepers
  A catoblepas (Shoals:2)
  6 ogre magi
  An alligator snapping turtle (Shoals:4)
  10 centaur warriors
  4 anacondas
  A satyr (Shoals:3)
  Erica (D:10)
  13 death yaks
  8 merfolk aquamancers
  22 dancing weapons
  10 naga warriors
  18 two-headed ogres
  6 boulder beetles
  9 shock serpents
  A deep troll earth mage (Depths:1)
  2 spriggan berserkers (Depths:1)
  13 naga sharpshooters
  A tengu warrior (D:14)
  6 hell knights
  An orc high priest (Elf:3)
  3 sun demons (Shoals:4)
  15 deep elf knights
  Amaemon (Lair:1)
  Sonja (D:11)
  2 salamander mystics (Snake:4)
  7 spectral anacondas (Snake:4)
  A goliath frog (shapeshifter) (Elf:1)
  2 glowing orange brains (Depths:1)
  13 skeletal warriors
  A spark wasp zombie (D:15)
  2 sun moths (Shoals:4)
  4 skysharks
  63 deep trolls
  5 anaconda zombies (Snake:4)
  4 naga ritualists
  25 sea snakes
  3 lindwurms (Vaults:3)
  2 bog bodies (IceCv)
  26 deep elf zephyrmancers
  3 orc knights (Vaults:2)
  12 deep elf archers
  27 deep elf pyromancers
  4 necromancers
  8 wizards
  Pikel (D:4)
  3 phantasmal warriors
  25 ugly things
  16 harpies
  10 ironbound convokers
  7 anaconda skeletons (Snake:4)
  A frost giant zombie (D:15)
  A human zombie (Vaults:2)
  7 cyclopes
  18 fauns
  4 mana vipers
  10 salamanders
  4 orc sorcerers
  An apocalypse crab (Shoals:2)
  An elephant (shapeshifter) (Elf:2)
  8 elephants
  27 black mambas
  10 merfolk sirens
  17 manticores
  2 centaur zombies (D:10)
  Joseph (D:7)
  Maurice (Orc:1)
  13 vault sentinels
  An ice statue (IceCv)
  7 water nymphs
  10 guardian serpents
  A torpor snail (Lair:2)
  A frost giant skeleton (Vaults:4)
  An orange demon (Lair:1)
  Maggie (D:6)
  2 gargoyles
  12 naga magi
  A spriggan zombie (D:15)
  14 cane toads
  3 unseen horrors
  4 rime drakes
  2 anaconda simulacra
  2 freezing wraiths
  39 yaktaurs
  8 komodo dragons
  2 tengu conjurers (D:13)
  A yaktaur skeleton (Vaults:2)
  22 merfolk
  A queen bee (Lair:1)
  6 polar bears
  2 hornets (Depths:1)
  10 trolls
  A tyrant leech (Gauntlet)
  6 wind drakes
  A raiju (shapeshifter) (D:13)
  7 blink frogs
  A fire giant simulacrum (Vaults:4)
  9 dream sheep
  8 snapping turtles
  A culicivora (shapeshifter) (Elf:2)
  A culicivora (Vaults:2)
  11 slime creatures
  A dire elephant simulacrum (IceCv)
  2 spriggans (Depths:1)
  2 shadows (D:12)
  23 yaks
  2 air elementals (Elf:1)
  8 fire elementals
  14 water elementals
  4 wyverns
  4 basilisks
  A redback (Vaults:2)
  3 steam dragons
  5 vampire mosquitoes
  2 wargs
  Menkaure (D:5)
  4 death yak simulacra (IceCv)
  41 nagas
  A glowing shapeshifter zombie (Vaults:4)
  2 swamp worms (Gauntlet)
  15 water moccasins
  A floating eye (Depths:1)
  Duvessa (D:7)
  A glowing shapeshifter skeleton (Vaults:4)
  29 orc warriors
  4 sky beasts
  A meliai simulacrum (D:14)
  5 black bears
  37 ogres
  A boggart (Vaults:3)
  6 wolves (Lair:2)
  8 centaurs
  A tengu (shapeshifter) (D:15)
  A lemure (D:4)
  A phantom (D:7)
  7 kobold brigands
  An elf simulacrum (Vaults:4)
  7 bullfrogs
  3 gnoll sergeants (D:10)
  2 cane toad simulacra (IceCv)
  2 two-headed ogre simulacra (IceCv)
  4 scorpions
  5 earth elementals
  7 wights
  Dowan (D:7)
  42 killer bees
  8 electric eels
  A howler monkey (D:8)
  A human simulacrum (Vaults:2)
  2 jellies
  4 hounds
  8 orc priests
  2 sleepcaps
  A gnoll bouda (D:6)
  Terence (D:3)
  7 hell rats (Lair:5)
  3 iguanas
  6 troll simulacra (IceCv)
  16 orc wizards
  10 spriggan simulacra (IceCv)
  Ijyb (D:3)
  3 polar bear simulacra (IceCv)
  2 wolf simulacra (IceCv)
  7 gnolls
  6 adders
  5 naga simulacra (IceCv)
  A shadow imp (Gauntlet)
  8 white imps
  9 ufetubi
  2 worms
  3 dart slugs
  83 orcs
  5 endoplasms
  A giant cockroach (D:4)
  8 hobgoblins
  4 jackals (D:1)
  7 quokkas
  9 ball pythons
  12 bats
  2 frilled lizards (D:2)
  4 goblins
  24 kobolds
  2 rats
  7 tentacles (Shoals:2)
1545 creatures vanquished.

Vanquished Creatures (collateral kills)
  An ironbound preserver (Vaults:2)
  Snorg (D:13)
  An entropy weaver (Vaults:1)
  A merfolk avatar (Shoals:4)
  2 spriggan berserkers (Depths:1)
  An iron troll (Depths:1)
  2 deep trolls (Depths:1)
  A manticore (Shoals:4)
  2 fauns (Shoals:1)
  A slime creature (Vaults:2)
  A hornet (Depths:1)
  A spriggan (Depths:1)
  A water elemental (Depths:1)
  A white imp (Gauntlet)
  An orc (Vaults:1)
18 creatures vanquished.

Vanquished Creatures (others)
  A merfolk aquamancer (Shoals:4)
  A deep elf pyromancer (Elf:1)
  A harpy (Shoals:3)
  A merfolk (Shoals:3)
  A water elemental (Shoals:3)
  20 fungi
  84 plants
  14 tentacles (Shoals:2)
  A withered plant (D:15)
124 creatures vanquished.

Grand Total: 1687 creatures vanquished

Notes
Turn   | Place    | Note
-------+----------+-------------------------------------------
     0 | D:1      | gohu the Hill Orc Fighter began the quest for the Orb.
     0 | D:1      | Reached XP level 1. HP: 19/19 MP: 1/1
   148 | D:1      | Reached XP level 2. HP: 21/27 MP: 2/2
   366 | D:1      | Reached XP level 3. HP: 29/33 MP: 3/3
   764 | D:2      | Reached XP level 4. HP: 35/40 MP: 4/4
   826 | D:2      | Found a faded altar of an unknown god.
   888 | D:3      | Reached skill level 5 in Axes
  1128 | D:2      | Noticed a scorpion
  1149 | D:2      | Killed a scorpion
  1150 | D:2      | Reached XP level 5. HP: 36/47 MP: 5/5
  1569 | D:3      | Noticed Terence
  1588 | D:3      | Killed Terence
  1589 | D:3      | Reached XP level 6. HP: 41/55 MP: 6/6
  1824 | D:3      | Noticed Ijyb
  1856 | D:3      | Killed Ijyb
  1857 | D:3      | Reached skill level 5 in Fighting
  1997 | D:3      | Found a hide-covered altar of Uskayaw.
  2174 | D:3      | Found a runed translucent door.
  2174 | D:3      | Noticed Grinder
  2175 | D:3      | Noticed Crazy Yiuf
  2292 | D:5      | Entered Level 5 of the Dungeon
  2545 | D:4      | Reached XP level 7. HP: 46/61 MP: 7/7
  2594 | D:4      | Found a snail-covered altar of Cheibriados.
  3508 | D:5      | Noticed Menkaure
  3776 | D:5      | Noticed Pikel
  3839 | D:4      | Killed Pikel
  3840 | D:4      | Reached skill level 10 in Axes
  3840 | D:4      | Reached skill level 5 in Armour
  3840 | D:4      | Reached XP level 8. HP: 8/71 MP: 8/8
  4167 | D:6      | Found a shadowy altar of Dithmenos.
  4302 | D:6      | Found a staircase to the Ecumenical Temple.
  4308 | Temple   | Entered the Ecumenical Temple
  4356 | Temple   | Became a worshipper of Makhleb the Destroyer
  4503 | D:6      | Noticed Maggie
  4526 | D:6      | Killed Maggie
  4527 | D:6      | Reached XP level 9. HP: 14/80 MP: 9/9
  5004 | D:6      | Identified the +0 spear of Zoyd {freeze, Str+3 Stlth+}
  5043 | D:6      | Found Vaimul's Armour Shoppe.
  5295 | D:5      | Found a shimmering altar of Xom.
  5309 | D:5      | Killed Menkaure
  5427 | D:5      | Found an opulent altar of Gozag.
  5528 | D:6      | Bought the +1 chain mail "Toyhoj" {Regen+ rCorr Str+2} for
                  | 341 gold pieces
  5642 | D:7      | Noticed Duvessa
  5642 | D:7      | Noticed Dowan
  5673 | D:7      | Killed Duvessa
  5674 | D:7      | Killed Dowan
  5707 | D:7      | Reached * piety under Makhleb
  6058 | D:7      | Noticed Joseph
  6456 | D:7      | Killed Joseph
  6457 | D:7      | Reached XP level 10. HP: 63/91 MP: 10/10
  6495 | D:7      | Identified the +9 mace of Dullness {distort, rN+}
  7247 | D:8      | Reached skill level 1 in Invocations
  7282 | D:8      | Reached ** piety under Makhleb
  7308 | D:9      | Found a flagged portal.
  7317 | Bailey   | Entered a bailey
  7511 | Bailey   | Reached skill level 10 in Fighting
  7614 | Bailey   | Reached skill level 15 in Axes
  7957 | D:8      | Found a stormy altar of Qazlal.
  8054 | D:8      | Found an iron altar of Okawaru.
  8085 | D:8      | Found an ancient bone altar of Kikubaaqudgha.
  8285 | D:9      | Acquired a +3 executioner's axe of draining
  8546 | D:10     | Entered Level 10 of the Dungeon
  8546 | D:10     | Noticed Erica
  8549 | D:10     | Killed Erica
  8550 | D:10     | Reached XP level 11. HP: 101/101 MP: 13/13
  8586 | D:10     | Reached *** piety under Makhleb
  9017 | D:10     | Found Bimotes's General Store.
  9024 | D:10     | Bought a +0 cloak for 49 gold pieces
  9269 | D:10     | Found a basalt altar of Yredelemnul.
  9294 | D:10     | Noticed a two-headed ogre
  9300 | D:10     | Killed a two-headed ogre
  9410 | D:11     | Found a gate leading to a gauntlet.
  9455 | Gauntlet | Entered a Gauntlet
  9455 | Gauntlet | Found a transporter.
  9458 | Gauntlet | Found a transporter.
  9459 | Gauntlet | Found a transporter.
  9459 | Gauntlet | Noticed a wizard
  9459 | Gauntlet | Noticed a wizard
  9463 | Gauntlet | Found a transporter.
  9465 | Gauntlet | Found a large runed translucent door.
  9465 | Gauntlet | Found a large runed translucent door.
  9466 | Gauntlet | Found a large runed translucent door.
  9466 | Gauntlet | Found a large runed translucent door.
  9467 | Gauntlet | Found a large runed translucent door.
  9467 | Gauntlet | Found a large runed translucent door.
  9467 | Gauntlet | Found a runed translucent door.
  9467 | Gauntlet | Found a runed translucent door.
  9468 | Gauntlet | Found a large runed translucent door.
  9468 | Gauntlet | Found a large runed translucent door.
  9468 | Gauntlet | Found a large runed translucent door.
  9469 | Gauntlet | Found a large runed translucent door.
  9470 | Gauntlet | Found a large runed translucent door.
  9470 | Gauntlet | Found a large runed translucent door.
  9471 | Gauntlet | Found a large runed translucent door.
  9471 | Gauntlet | Found a large runed translucent door.
  9472 | Gauntlet | Found a runed translucent gate.
  9472 | Gauntlet | Found a runed translucent gate.
  9472 | Gauntlet | Found a transporter.
  9472 | Gauntlet | Found a transporter.
  9472 | Gauntlet | Found a runed translucent gate.
  9472 | Gauntlet | Noticed a death yak
  9472 | Gauntlet | Noticed a death yak
  9473 | Gauntlet | Found a transporter.
  9474 | Gauntlet | Found a transporter.
  9475 | Gauntlet | Noticed a reaper
  9484 | Gauntlet | Found a large runed translucent door.
  9485 | Gauntlet | Found a large runed translucent door.
  9523 | Gauntlet | Noticed a death yak
  9523 | Gauntlet | Noticed a death yak
  9526 | Gauntlet | Noticed a death yak
  9527 | Gauntlet | Noticed a death yak
  9527 | Gauntlet | Noticed a death yak
  9532 | Gauntlet | Noticed a necromancer
  9533 | Gauntlet | Noticed a thrashing horror
  9536 | Gauntlet | Noticed a death yak
  9542 | Gauntlet | Found a transporter.
  9545 | Gauntlet | Found a transporter.
  9561 | Gauntlet | Found a transporter.
  9561 | Gauntlet | Noticed a thrashing horror
  9570 | Gauntlet | Found a transporter.
  9653 | Gauntlet | Killed a wizard
  9660 | Gauntlet | Killed a wizard
  9714 | Gauntlet | Identified the +0 pair of boots "Vial" {rPois Will+}
  9735 | Gauntlet | Noticed a minotaur
  9746 | Gauntlet | Killed a minotaur
  9747 | Gauntlet | Reached skill level 10 in Armour
  9848 | Gauntlet | Identified the +4 dagger "Murmur" {venom, Will+ Str+4 Int-4
                  | Dex+5}
  9882 | D:11     | Noticed a boulder beetle
  9895 | D:11     | Killed a boulder beetle
  9929 | D:11     | Noticed a two-headed ogre
  9942 | D:11     | Killed a two-headed ogre
  9943 | D:11     | Reached skill level 5 in Invocations
  9991 | D:11     | Noticed Sonja
 10000 | D:11     | Killed Sonja
 10001 | D:11     | Reached XP level 12. HP: 111/111 MP: 14/16
 10035 | D:11     | Noticed Harold
 10047 | D:11     | Killed Harold
 10076 | D:11     | Found a staircase to the Lair.
 10165 | D:11     | Noticed Fannar
 10190 | D:11     | Killed Fannar
 10480 | D:11     | Found Dopisch's Book Shop.
 10827 | D:12     | Reached **** piety under Makhleb
 11264 | D:12     | Noticed a boulder beetle
 11269 | D:12     | Killed a boulder beetle
 11590 | D:13     | Noticed a centaur warrior
 11600 | D:13     | Killed a centaur warrior
 11801 | D:13     | Noticed a centaur warrior
 11806 | D:13     | Killed a centaur warrior
 12043 | D:13     | Noticed Snorg
 12049 | D:13     | Killed Snorg
 12050 | D:13     | Reached skill level 1 in Dodging
 12132 | D:13     | Reached XP level 13. HP: 119/119 MP: 18/18
 12333 | Lair:1   | Entered Level 1 of the Lair of Beasts
 12373 | Lair:1   | Found a frozen archway.
 12375 | Lair:1   | Identified the +3 trident of Suarr {flame, rElec}
 12378 | Lair:1   | Noticed Amaemon
 12397 | Lair:1   | Killed Amaemon
 12404 | IceCv    | Entered an ice cave
 12473 | IceCv    | Found the +4 skin of Zhor {*Englaciate rC+++ SInv}
 12659 | IceCv    | Reached ***** piety under Makhleb
 13043 | Lair:1   | Acquired 274 gold pieces
 13714 | Lair:2   | Found a staircase to the Snake Pit.
 13905 | Lair:3   | Found a staircase to the Shoals.
 13992 | Lair:3   | Reached XP level 14. HP: 132/132 MP: 20/20
 14003 | Lair:3   | Found a dark tunnel.
 14015 | Volcano  | Entered a volcano
 15738 | Lair:4   | Got the Vademecum on Frostbound Vicissitude
 15962 | Lair:4   | Found a staircase to the Slime Pits.
 16293 | Lair:5   | Entered Level 5 of the Lair of Beasts
 16344 | Lair:5   | Reached skill level 15 in Fighting
 16347 | Lair:5   | Reached ****** piety under Makhleb
 16491 | Lair:5   | Identified the +2 leather armour of Iruiq {Rampage rPois
                  | rCorr}
 16492 | Lair:5   | Identified the +1 war axe "Impbane" {drain, *Slow rPois
                  | Str+9 Dex-5}
 16653 | Lair:5   | Identified the ring "Nibilapo" {rPois Int+6}
 17161 | Lair:5   | Reached skill level 10 in Invocations
 17246 | Lair:5   | Got the Almanac of Injurious Distance
 17688 | D:13     | Reached XP level 15. HP: 117/141 MP: 17/22
 18178 | D:14     | Reached skill level 15 in Armour
 18467 | D:14     | Found a gate to the Vaults.
 18750 | D:15     | Entered Level 15 of the Dungeon
 18750 | D:15     | Found a staircase to the Depths.
 18995 | D:14     | Found a gateway to a bazaar.
 19063 | Bazaar   | Entered a bazaar
 19086 | Bazaar   | Found Syext's Distillery.
 19139 | Bazaar   | Found Cifrez's Book Shop.
 19156 | Bazaar   | Found Gih Bafi's Assorted Antiques.
 19161 | Bazaar   | Bought a shimmering lead ring for 70 gold pieces
 19161 | Bazaar   | Identified the ring of Moodiness {rPois Will++ EV+5} (You
                  | bought it in a shop in a bazaar)
 19181 | Bazaar   | Found Uvubrir's Book Shoppe.
 19200 | Bazaar   | Bought a potion of curing for 36 gold pieces
 19200 | Bazaar   | Bought a potion of might for 48 gold pieces
 19200 | Bazaar   | Bought a potion of heal wounds for 60 gold pieces
 19200 | Bazaar   | Bought a potion of haste for 120 gold pieces
 19200 | Bazaar   | Bought a potion of curing for 36 gold pieces
 19200 | Bazaar   | Bought a potion of heal wounds for 60 gold pieces
 19229 | Bazaar   | Bought a potion of curing for 42 gold pieces
 19268 | D:14     | Found Jinki's Weapon Shop.
 19519 | D:14     | Found Asoof's Magic Scroll Emporium.
 19524 | D:14     | Bought a scroll of blinking for 112 gold pieces
 19526 | D:14     | Bought a scroll of identify for 30 gold pieces
 19526 | D:14     | Bought a scroll of identify for 30 gold pieces
 19526 | D:14     | Bought a scroll of identify for 30 gold pieces
 19535 | D:14     | Reached XP level 16. HP: 151/151 MP: 22/24
 19581 | D:14     | Found Loqof's General Store.
 19582 | D:14     | Found Yngoeb's Assorted Antiques.
 19601 | D:14     | Bought a manual of Fighting for 800 gold pieces
 19624 | D:14     | Bought a coppery potion for 27 gold pieces
 20207 | D:10     | Found a staircase to the Orcish Mines.
 20245 | Orc:1    | Entered Level 1 of the Orcish Mines
 20476 | Orc:2    | Entered Level 2 of the Orcish Mines
 20670 | Orc:2    | Found a burning altar of Makhleb.
 20708 | Orc:2    | Found a staircase to the Elven Halls.
 20710 | Orc:1    | Noticed Maurice
 20723 | Orc:1    | Killed Maurice
 21116 | Orc:2    | Found Vyxaw's General Store.
 21116 | Orc:2    | Found Kiwkad's Weapon Emporium.
 21116 | Orc:2    | Found Leukey Mury's Antique Weapon Shoppe.
 21116 | Orc:2    | Found Nupsacwu's Weapon Shop.
 21146 | Orc:2    | Bought a potion of curing for 36 gold pieces
 21146 | Orc:2    | Bought a scroll of enchant weapon for 90 gold pieces
 21146 | Orc:2    | Bought a potion of heal wounds for 60 gold pieces
 21447 | Snake:1  | Entered Level 1 of the Snake Pit
 21588 | Snake:1  | Found Faliodis's Neck Hole.
 21607 | Snake:1  | Bought an amulet of regeneration for 420 gold pieces
 22091 | Snake:1  | Found Nial's Weapon Emporium.
 22091 | Snake:1  | Found Haod's General Store.
 22092 | Snake:1  | Found Qutib's Magic Scroll Shoppe.
 22096 | Snake:1  | Bought 2 scrolls of teleportation for 114 gold pieces
 22096 | Snake:1  | Bought a scroll of enchant armour for 142 gold pieces
 22096 | Snake:1  | Bought a scroll of enchant armour for 142 gold pieces
 22096 | Snake:1  | Bought a scroll of enchant weapon for 142 gold pieces
 22096 | Snake:1  | Found Joson's Distillery.
 22211 | Snake:1  | Bought a scroll of magic mapping for 105 gold pieces
 22839 | Snake:2  | Reached XP level 17. HP: 170/170 MP: 26/26
 23535 | Snake:2  | Identified the ring "Elewyiff" {rN+ EV+5}
 24477 | Snake:4  | Entered Level 4 of the Snake Pit
 25184 | Snake:4  | Identified the amulet "Vitapocs" {Acrobat -Tele +Inv rCorr}
 25749 | Snake:4  | Reached XP level 18. HP: 117/188 MP: 28/28
 26033 | Snake:4  | Got a serpentine rune of Zot
 27012 | D:15     | Identified the +3 flail of Bankruptcy {holy, *Rage *Noise
                  | rElec rPois}
 27592 | Shoals:1 | Entered Level 1 of the Shoals
 27983 | Shoals:2 | Noticed Donald
 27993 | Shoals:2 | Killed Donald
 28252 | Shoals:2 | Noticed Polyphemus
 28278 | Shoals:2 | Killed Polyphemus
 28356 | Shoals:2 | Reached skill level 5 in Shields
 28627 | Shoals:2 | Found Qoittat's Jewellery Shop.
 28796 | Shoals:3 | Reached XP level 19. HP: 198/200 MP: 29/29
 28991 | Shoals:4 | Entered Level 4 of the Shoals
 29452 | Shoals:4 | Found the +6 arbalest "Damnation" {damnation}
 29470 | Shoals:4 | Reached skill level 10 in Shields
 29520 | Shoals:4 | Identified the +1 robe of Plasticity {Rampage rCorr Dex+2
                  | Stlth-}
 29526 | Shoals:4 | Identified the +6 falchion "Earthworm" {speed, rElec Str+4}
 29577 | Shoals:4 | Got a barnacled rune of Zot
 29816 | Shoals:4 | Identified the +2 dagger of Fedhas's Generosity {flame, Fly
                  | rF- rCorr Str-2}
 30359 | Shoals:4 | Found Nufiraih's Assorted Antiques.
 30379 | Shoals:4 | Bought a scroll of enchant armour for 165 gold pieces
 30805 | Vaults:1 | Entered Level 1 of the Vaults
 31234 | Vaults:1 | Reached XP level 20. HP: 209/209 MP: 30/30
 31242 | Vaults:1 | Noticed Saint Roka
 31243 | Vaults:1 | Reached skill level 15 in Shields
 31284 | Vaults:1 | Killed Saint Roka
 31511 | Vaults:1 | Found Ymuomnur's Weapon Boutique.
 32705 | Vaults:2 | Found a staircase to the Crypt.
 32705 | Vaults:2 | Found an ancient bone altar of Kikubaaqudgha.
 32706 | Vaults:2 | Found a basalt altar of Yredelemnul.
 33017 | Vaults:2 | Noticed Asterion
 33017 | Vaults:2 | Noticed Agnes
 33022 | Vaults:2 | Killed Asterion
 33047 | Vaults:2 | Killed Agnes
 33065 | Vaults:2 | HP: 6/209 [something (18)]
 33252 | Vaults:2 | Found Hittefat's Assorted Antiques.
 33664 | Vaults:3 | Reached XP level 21. HP: 202/217 MP: 31/31
 34742 | Vaults:3 | You fall into a shaft and drop 1 floor!
 35883 | Vaults:4 | Found Esigar's Assorted Antiques.
 36222 | Depths:1 | Entered Level 1 of the Depths
 36286 | Depths:1 | Paralysed by a floating eye for 4 turns
 36331 | Depths:1 | Reached XP level 22. HP: 90/231 MP: 32/32
 36407 | Depths:1 | Identified the scarf of Darkness {harm, Fly rF+}
 36490 | Depths:1 | Found Uwach's Book Boutique.
 36491 | Depths:1 | Found Mywaxt's Magic Scroll Shop.
 36494 | Depths:1 | Found Nidu's Jewellery Emporium.
 36495 | Depths:1 | Found Tidghoshri's Assorted Antiques.
 36627 | Depths:1 | Bought a scroll of enchant weapon for 90 gold pieces
 36627 | Depths:1 | Bought a scroll of enchant weapon for 90 gold pieces
 36659 | Depths:1 | Found a gateway to Hell.
 36666 | Depths:1 | Found a one-way gate to the infinite horrors of the Abyss.
 36968 | Depths:1 | Found a runed translucent door.
 37242 | Elf:1    | Entered Level 1 of the Elven Halls
 37321 | Elf:1    | Reached skill level 27 in Fighting
 37339 | Elf:1    | Got Otaqai's Omnibus of the Fifth Circle
 37868 | Elf:1    | Paralysed by an air elemental for 1 turns
 38451 | Elf:2    | Reached skill level 27 in Axes
 38542 | Elf:2    | Found a runed translucent gate.
 38543 | Elf:2    | Found a runed translucent gate.
 38544 | Elf:2    | Found a runed translucent gate.
 39148 | Elf:3    | Entered Level 3 of the Elven Halls
 39405 | Elf:3    | Found Riptit's Assorted Antiques.
 39414 | Elf:3    | Bought a twitching diamond amulet for 160 gold pieces
 39414 | Elf:3    | Identified the amulet "Wosen" {RegenMP Harm} (You bought it
                  | in a shop on level 3 of the Elven Halls)
 39414 | Elf:3    | Bought a scroll of enchant armour for 240 gold pieces
 40025 | Elf:3    | Reached XP level 23. HP: 240/240 MP: 33/33
 40062 | Elf:3    | Identified the ring of Divine Compulsion {Drain Fly rF-
                  | Dex+5 SInv}
 40118 | Elf:3    | Identified the +5 great sword of the Morning {drain, rElec
                  | Dex+3}
 40234 | Elf:3    | Got the Anthology of Arenous Assaults
 40236 | Elf:3    | Got the Catalogue of Oromancy
 40242 | Elf:3    | Identified the +5 long sword of Excruciating Pain {flame,
                  | rC+ Will+ Str-4 Dex+3}
 40270 | Elf:3    | Identified the +5 scale mail of Rytt {Harm Str-2 Dex+6
                  | SInv}
 40308 | Elf:3    | Identified the +5 rapier of Pain and Death {spect, Fragile
                  | rPois rC- Str+4 Int+3}
 40320 | Elf:3    | Identified the ring of the Jackalope {Int+6 Slay+3}
 40838 | Vaults:5 | Entered Level 5 of the Vaults
 40854 | Vaults:5 | Identified the +2 flail of Overwhelming Force {heavy, rF+
                  | rC+}
 40856 | Vaults:5 | Identified the +4 ring mail of the Abyss {Harm rC+ rCorr
                  | Int-2}
 41092 | Vaults:5 | Killed from afar by a frost giant

Illustrated notes

Levels and vault maps discovered:
D:1:      dreamdust_arrival_sigmund_warning, layout_rooms, st_stairs_9,
          minmay_octomino_e4
D:2:      layout_basic, basic_ecumenical_altar
D:3:      layout_rooms, nicolae_overflow_crystal_walls, uniq_crazy_yiuf_cottage,
          uniq_ijyb, uniq_grinder, uniq_terence
D:4:      layout_cave_pods, mainiacjoe_overflow_small_starburst
D:5:      layout_rooms, marbit_many_paths, mainiacjoe_overflow_paths,
          uniq_menkaure, uniq_pikel
D:6:      layout_basic, grunt_dithmenos_smoke_and_mirrors,
          minmay_temple_entry_hall, serial_shops, nicolae_shop_hallway_stairs,
          kennysheep_generic_room_5, uniq_maggie
D:7:      layout_layer_cave, grunt_ministairs_14, uniq_duvessa, uniq_joseph
D:8:      layout_loops_ring, mainiacjoe_overflow_chevrons,
          mainiacjoe_overflow_two_lobes, serial_bayou_pond_d
D:9:      layout_stronghold, enter_bailey_2, kennysheep_generic_room_2
D:10:     layout_loops_ring, lemuel_zombie_altar_yredelemnul,
          kennysheep_orc_monster_closet_entryway, serial_shops, shop,
          nicolae_nh_ransacked_shop, uniq_erica
D:11:     layout_gridville, lair_entry_dummy, serial_shops, shop,
          gauntlet_entry_generic, uniq_harold, uniq_fannar, uniq_sonja
D:12:     layout_cave_pods, serial_bayou, serial_bayou_lake_a,
          serial_bayou_shore_b, serial_bayou_crossing, serial_bayou_pond_e
D:13:     layout_basic, uniq_snorg
D:14:     layout_layer_cave, david_vaults_4, serial_bayou_shore_a, serial_shops,
          bzr_entry_lakeside, kennysheep_little_box, shop, shop, shop_coins
D:15:     gammafunk_depths_entry_grave, layout_long_grid,
          dreamdust_princess_corridor
Temple:   nicolae_temple_god_jail
Lair:1:   layout_gridlike, special_room [special_room_bee],
          portal_ice_cave_entry_pillars_1, nicolae_quartered_pool_little,
          uniq_amaemon
Lair:2:   layout_chaotic_city, guppyfry_snake_entry_garden, lemuel_old_faithful
Lair:3:   layout_regular_city, shoals_dummy_entry,
          lightli_volcano_entry_magma_tube, lemuel_fruit_tree
Lair:4:   layout_regular_city, slime_entry_1, beast_lair_carwin_2,
          grunt_megastairs_4
Lair:5:   gammafunk_lair_ancient_temple, layout_cave_pods
Shoals:1: layout_shoals
Shoals:2: dreamdust_from_the_deep, layout_shoals,
          minmay_shop_enchanted_jewellery, uniq_polyphemus, uniq_donald
Shoals:3: layout_shoals
Shoals:4: shoals_end_simple, layout_shoals, serial_shops,
          nicolae_shop_hallway_stairs, nicolae_shoals_bring_sunscreen
Snake:1:  layout_chambers, special_room, nicolae_shop_sticking_my_neck_out,
          minmay_shoptagon
Snake:2:  layout_chambers, nicolae_integral_box
Snake:3:  nicolae_snake_attic_fulla_snakes, layout_grid_maze, st_stairs_14
Snake:4:  grunt_snake_rune_pools, layout_chambers, nicolae_snake_dead_anacondas,
          serial_bayou_shore_b
Orc:1:    layout_caves, uniq_maurice
Orc:2:    st_orc_ogre_mass, layout_caves, basic_altar
Elf:1:    layout_geoelf_grid, minmay_elf_annihilation, st_stairs_4,
          grunt_megastairs_2
Elf:2:    nicolae_elf_blades_splatter_lattice
          [nicolae_blade_entry_area_security], layout_geoelf_octagon
Elf:3:    minmay_elf_hall_furrowed, layout_loops_corners, serial_shops,
          nicolae_shop_competitors_out_of_business, serial_sigils,
          serial_sigils_hangedman_snap, serial_sigils_hangedman_scar,
          serial_sigils_hangedman_scratch, serial_sigils_hangedman_quiver,
          serial_sigils_hangedman_etch, serial_sigils_hangedman_gnaw, drop_trap,
          billiards_dpeg
Vaults:1: v_pattern_5, v_misc_9, v_misc_27, vaults_mumra_chevron,
          nicolae_vaults_shelves_hall, vaults_dpeg_emergency_exit,
          dpeg_vaults_monster_box, layout_vaults_omnigrid, serial_shops,
          nicolae_shop_hallway_plus, uniq_saint_roka
Vaults:2: v_misc_19, vaults_room_semicircle, minmay_crypt_entry_necro_gods,
          hangedman_vaults_slice, v_alt_pattern_6, ontoclasm_vaults_spin,
          v_misc_18, nicolae_vaults_big_ls, hangedman_vaults_stagger, v_misc_23,
          grunt_vaults_hallway_long, nicolae_vaults_ring_of_whatevers,
          sword_in_stone, ontoclasm_vaults_ligature,
          ontoclasm_vaults_loading_screen, layout_vaults_maze_bifur,
          serial_shops, nicolae_shop_hallway_stairs
Vaults:3: v_alt_pattern_5, nicolae_vaults_little_squares_5,
          ontoclasm_vaults_ring_small, nicolae_vaults_network_periphery,
          hangedman_vaults_capsules, nicolae_vaults_circle_grid_b,
          hangedman_vaults_corner_blocks, vaults_dpeg_encased_lava, v_misc_1,
          layout_vaults_ring
Vaults:4: v_rooms_1, ontoclasm_vaults_ring_small,
          nicolae_vaults_big_angled_halls, nicolae_vaults_three_branches,
          vaults_mumra_lcd, vaults_room_fancy_cross, v_misc_12,
          vaults_standard_mumra_lines, v_pattern_1, nicolae_vaults_statue_guard,
          hangedman_vaults_river_flow, ontoclasm_vaults_pinch,
          nicolae_vaults_little_squares_3, vaults_room_door_ring,
          ontoclasm_vaults_decontamination, nicolae_vaults_little_squares_3,
          layout_vaults_omnibox, serial_shops, nicolae_shop_hallway_plus
Vaults:5: serial_shops
Depths:1: layout_small_grid, hell_entry, abyss_entry, nrook_campfire,
          corexii_hall_statues_i, kennysheep_crisscross,
          nicolae_wooded_promenade, minmay_crystal_box, serial_bayou_shore_b

Skill      XL: |  1  2  3  4  5  6  7  8  9 10 11 12 13 14 15 16 17 18 19 20 21 22 23 |
---------------+----------------------------------------------------------------------+-----
Axes           | 3 4 6 8 10 11 14 15 17 19 21 23 24 26 27 | 27.0
Fighting       | 4 5 6 7 9 10 11 12 14 15 16 20 23 24 25 26 27 | 27.0
Armour         | 4 5 6 7 8 10 12 13 14 15 16 18 19 21 22 | 22.7
Invocations    | 3 5 7 8 10 11 12 13 14 | 14.4
Dodging        | 1 2 3 |  3.9
Shields        | 7 14 18 | 18.6

Action                     |  1- 3 |  4- 6 |  7- 9 | 10-12 | 13-15 | 16-18 | 19-21 | 22-24 || total
---------------------------+-------+-------+-------+-------+-------+-------+-------+-------++-------
  Melee: War axe           |   109 |   125 |   241 |   176 |       |       |       |       ||   651
         Executioner's axe |       |       |       |   226 |   562 |   729 |       |       ||  1517
         Broad axe         |       |       |       |       |     7 |   151 |  1607 |   621 ||  2386
         Punch             |       |       |       |       |     1 |       |       |       ||     1
  Throw: Throwing net      |       |       |     1 |       |       |       |       |       ||     1
         Javelin           |       |       |       |     1 |       |     2 |       |       ||     3
 Invoke: Minor Destruction |       |       |       |    27 |     3 |     8 |     4 |       ||    42
         Lesser Servant of |       |       |       |     4 |     2 |       |     5 |     1 ||    12
         Major Destruction |       |       |       |       |     4 |       |     1 |     1 ||     6
         Greater Servant o |       |       |       |       |       |     1 |       |     2 ||     3
  Evoke: Wand              |       |       |     2 |     3 |       |       |       |       ||     5
    Use: Potion            |       |     1 |     9 |     2 |     1 |     1 |     2 |     3 ||    19
         Scroll            |       |       |    15 |     5 |    12 |     7 |     2 |     3 ||    44
   Stab: Distracted        |       |       |       |     1 |       |       |     2 |     2 ||     5
 Armour: Scale mail        |    64 |    51 |       |       |       |       |       |       ||   115
         Chain mail        |       |     8 |   155 |   294 |   375 |   440 |   539 |   188 ||  1999
         Skin              |       |       |    18 |       |       |       |       |       ||    18
  Dodge: Dodged            |    78 |    43 |    87 |   213 |   216 |   516 |   625 |   215 ||  1993
  Block: Buckler           |    34 |    25 |    47 |    48 |       |       |       |       ||   154
         Kite shield       |       |       |       |       |       |    83 |   797 |   303 ||  1183
         Reflection        |       |       |       |       |       |    12 |    35 |    40 ||    87

Table legend: (Time is in decaauts)
 A = Elapsed time spent in this place.
 B = Non-inter-level travel time spent in this place.
 C = Inter-level travel time spent in this place.
 D = Time resting spent in this place.
 E = Time spent auto-exploring this place.
 F = Levels seen in this place.
 G = Mean time per level.
                   A        B        C        D        E       F      G
               +--------+--------+--------+--------+--------+-----+--------+
         Total |  40679 |  37669 |   3010 |   1257 |  25390 |  45 |  904.0 |
       Dungeon |  15351 |  13910 |   1441 |    975 |   9869 |  15 | 1023.4 |
        Temple |     57 |     57 |      0 |      0 |     22 |   1 |   57.0 |
          Lair |   4606 |   4117 |    489 |     66 |   3131 |   5 |  921.2 |
        Shoals |   3160 |   2927 |    233 |     15 |   1487 |   4 |  790.0 |
     Snake Pit |   4857 |   4696 |    161 |      0 |   3708 |   4 | 1214.2 |
  Orcish Mines |   1075 |    946 |    129 |      0 |    704 |   2 |  537.5 |
   Elven Halls |   3178 |   3013 |    165 |      0 |   2200 |   3 | 1059.3 |
        Vaults |   5460 |   5089 |    371 |    145 |   3268 |   5 | 1092.0 |
        Depths |    872 |    853 |     19 |      0 |    489 |   1 |  872.0 |
        Bazaar |    192 |    192 |      0 |      0 |     98 |   1 |  192.0 |
        Bailey |    575 |    575 |      0 |      0 |     26 |   1 |  575.0 |
      Ice Cave |    641 |    641 |      0 |      0 |    257 |   1 |  641.0 |
       Volcano |    248 |    248 |      0 |      0 |    128 |   1 |  248.0 |
      Gauntlet |    402 |    402 |      0 |     56 |      0 |   1 |  402.0 |
               +--------+--------+--------+--------+--------+-----+--------+

Top non-repeatable levels by time:
    D:14: 1846 daAuts
     D:4: 1579 daAuts
Vaults:2: 1479 daAuts
    D:13: 1410 daAuts
 Snake:2: 1386 daAuts
Vaults:1: 1325 daAuts
 Snake:4: 1304 daAuts
   Elf:3: 1295 daAuts
 Snake:1: 1285 daAuts
     D:6: 1283 daAuts
Vaults:4: 1246 daAuts
  Lair:5: 1210 daAuts
Vaults:3: 1189 daAuts
    D:12: 1166 daAuts
Shoals:4: 1158 daAuts
